 Dungeon Crawl Stone Soup version 0.20-a0-618-gbb8d3ca (webtiles) character file.

890875 Orbaz the Rhythm of Life and Death (level 27, -10/195 HPs)
             Began as a Demonspawn Fighter on Oct 29, 2016.
             Was a Believer of Uskayaw.
             Mangled by a reaper
             ... wielding a +1 scythe of distortion
             ... led by Byen
              (14 damage)
             ... on level 3 of the Dungeon on Feb 9, 2017.
             The game lasted 11:52:49 (97554 turns).

Orbaz the Rhythm of Life and Death (DsFi)          Turns: 97554, Time: 11:52:50

Health: -10/195    AC: 41    Str: 24      XL:     27
Magic:  0/28       EV: 20    Int: 11 (12) God:    Uskayaw [**....]
Gold:   5517       SH: 22    Dex: 17 (18) Spells: 26/26 levels left

rFire    + + +     SeeInvis .   J - +9 broad axe (drain)
rCold    + + +     Gourm    .   b - +8 orange crystal plate armour {Archmagi, Int+3 Clar}
rNeg     + + +     Faith    .   I - +2 shield of Resistance {rF+ rC+ MR+}
rPois    +         Spirit   +   y - +2 hat {MR+}
rElec    +         Reflect  +   F - +1 cloak of Starlight {rElec rC+ EV+4 Stlth--}
rCorr    .         Harm     .   (gloves unavailable)
MR       +++++     Clarity  +   X - +2 pair of boots {Fly}
Stlth    ..........             x - +3 amulet of reflection
Regen    0.0/turn               q - ring "Paeck" {rF+ MR+ Dex+2}
                                t - ring of the Insatiable Eyes {rN++ Dex+5}

@: exhausted, flying, slowed, very slow
A: claws 3, talons 1, slimy green scales 3, berserk 1, blurry vision 2, clumsy
2, cold resistance 1, deformed body, deterioration 2, dopey 1, fire resistance
1, frail 2, low mp 3, negative energy resistance 1, nightstalker 3, sense
surroundings 1, screaming 3, slow regeneration 2, 50% torment resistance, weak
1, magic shield, magic regeneration, magic link, black mark, subdued magic 2,
MP-powered wands
0: Orb of Zot
}: 3/15 runes: decaying, silver, gossamer
a: Stomp, Line Pass, Renounce Religion, Stop Flying


You were on level 3 of the Dungeon.
You worshipped Uskayaw.
Uskayaw was exalted by your worship.
You were not hungry.

You visited 17 branches of the dungeon, and saw 80 of its levels.
You visited 1 ziggurat, and saw 10 of its levels.
You also visited: Bailey, Ice Cave, Volcano and Wizlab.

You collected 8381 gold pieces.
You spent 2864 gold pieces at shops.

Inventory:

Hand Weapons
 d - the +9 war axe of Evil {venom, Int+4}
   (You acquired it on level 5 of the Depths)

   It poisons the flesh of those it strikes.
   It affects your intelligence (+4).
 G - a +3 morningstar of freezing
 J - a +9 broad axe of draining (weapon)
Armour
 b - the +8 orange crystal plate armour (worn) {Archmagi, Int+3 Clar}
   (You acquired it on level 3 of the Spider Nest)

   It affects your intelligence (+3).
   It protects you against confusion.
 g - a +2 helmet of intelligence
 j - +1 pearl dragon scales
 y - a +2 hat of magic resistance (worn)
 z - the +10 large shield of Ignorance {rN+ Int-4}
   (You took it off Mennas on level 2 of the Crypt)

   It affects your intelligence (-4).
   It protects you from negative energy.
 F - the +1 cloak of Starlight (worn) {rElec rC+ EV+4 Stlth--}
   (You found it in a wizard's laboratory)

   It affects your evasion (+4).
   It protects you from cold.
   It insulates you from electricity.
   It makes you much less stealthy.
 I - the +2 shield of Resistance (worn) {rF+ rC+ MR+}
   (You found it on level 14 of the Dungeon)

   It protects you from fire.
   It protects you from cold.
   It affects your resistance to hostile enchantments.
 P - the +8 chain mail of Action {rC- rN+ MR++ Int+3}
   (You found it on level 3 of the Depths)

   It affects your intelligence (+3).
   It makes you vulnerable to cold.
   It protects you from negative energy.
   It affects your resistance to hostile enchantments.
 X - a +2 pair of boots of flying (worn)
Rods
 O - a removed rod
Jewellery
 e - a +5 ring of evasion
 h - the ring "Ewamp" {-Tele rC++ AC+2 Dex+2 Slay+3}
   (You found it on level 4 of the Lair of Beasts)

   [ring of protection]

   It affects your AC (+2).
   It affects your dexterity (+2).
   It affects your accuracy and damage with ranged weapons and melee attacks
   (+3).
   It greatly protects you from cold.
   It prevents most forms of teleportation.
 l - an uncursed ring of positive energy
 q - the ring "Paeck" (right claw) {rF+ MR+ Dex+2}
   (You took it off a deep elf blademaster on level 3 of the Elven Halls)

   [ring of protection from magic]

   It affects your dexterity (+2).
   It protects you from fire.
   It affects your resistance to hostile enchantments.
 t - the ring of the Insatiable Eyes (left claw) {rN++ Dex+5}
   (You found it on level 5 of a ziggurat)

   [ring of dexterity]

   It affects your dexterity (+5).
   It greatly protects you from negative energy.
 x - a +3 amulet of reflection (around neck)
 A - an uncursed ring of see invisible
 H - the ring of Brilliance {Dex+6 Stlth+}
   (You found it on level 3 of the Crypt)

   [ring of stealth]

   It affects your dexterity (+6).
   It makes you more stealthy.
 M - an uncursed ring of resist corrosion
Wands
 n - a wand of removedness (5/24)
 p - a wand of paralysis (13/24)
 s - a wand of digging (8/24)
 C - a wand of digging (20/24)
 N - a wand of digging (5/24)
 S - a wand of disintegration (7/24)
 V - a wand of lightning (3/15)
 W - a wand of acid (5/15)
Scrolls
 a - 3 scrolls of blinking
 i - 6 scrolls of fear
 o - 23 scrolls of remove curse
 u - 2 scrolls of silence
 v - 11 scrolls of enchant armour
 w - 8 scrolls of recharging
 B - a scroll of brand weapon
 E - 16 scrolls of teleportation
 L - 5 scrolls of magic mapping
 Z - 6 scrolls of fog
Potions
 f - a potion of cancellation
 m - a potion of invisibility
 r - 7 potions of curing
 K - a potion of might
 Q - 10 potions of brilliance
 T - 5 potions of magic
 U - 3 potions of berserk rage
 Y - 7 potions of haste
Miscellaneous
 c - the horn of Geryon
Comestibles
 k - 9 meat rations


   Skills:
 - Level 25.6 Fighting
 O Level 27 Axes
 - Level 1.0(18.7) Maces & Flails
 - Level 21.0 Armour
 + Level 19.6 Dodging
 - Level 0.2 Stealth
 - Level 21.2 Shields
 - Level 7.0 Unarmed Combat
   Level 1.1 Charms
 O Level 27 Invocations


You had 26 spell levels left.
You didn't know any spells.

Dungeon Overview and Level Annotations

Branches:
Dungeon (15/15)            Temple (1/1) D:4            Lair (6/6) D:8
  Swamp (4/4) Lair:2       Spider (4/4) Lair:4        Slime (4/5) Lair:6
    Orc (2/2) D:10            Elf (3/3) Orc:2        Vaults (5/5) D:13
  Crypt (3/3) Vaults:2       Tomb (1/3) Crypt:3      Depths (5/5) D:15
   Hell (1/1)                 Dis (7/7) Hell            Geh (7/7) Hell
    Coc (7/7) Hell            Tar (0/7) Hell            Zot (5/5) Depths:5

Altars:
Ashenzari
Cheibriados
Dithmenos
Elyvilon
Fedhas
Gozag
Hepliaklqana
Kikubaaqudgha
Makhleb
Nemelex Xobeh
Okawaru
Qazlal
Ru
Sif Muna
Trog
Uskayaw
Vehumet
Xom
Yredelemnul
Zin
The Shining One
Jiyva

Shops:
D:5 [   D:14 *   Orc:2 [?%!   Elf:1 (   Elf:3 (   Vaults:1 ?   Vaults:3 (*=!!
Vaults:5 (

Portals:
Hell: Lair:6 Depths:1 Depths:2 Depths:3 Depths:4 Depths:5
Abyss: Depths:2 Depths:3 Depths:4
Pandemonium: Depths:2 Depths:3

Annotations:
D:14 1 runed door
Lair:6 exclusion: 3 oklob plants


Innate Abilities, Weirdness & Mutations

You have claws for hands.
You are completely covered in slimy green scales. (AC +4, rPois)
You resist negative energy. (rN+)
You are completely attuned to the shadows.
You are somewhat able to resist unholy torments (1 in 2 success).
When hurt, damage is shared between your health and your magic reserves.
You regenerate magic rapidly.
When low on magic, you restore magic in place of health.
Your melee attacks may debilitate your foes.
You have sharp toenails.
You tend to lose your temper in combat.
Scrolls take you longer to read.
You are very clumsy. (Dex -4)
Your flesh is cold resistant. (rC+)
Armour fits poorly on your strangely shaped body.
Your body often deteriorates upon taking damage.
You are dopey. (Int -2)
Your flesh is heat resistant. (rF+)
You are very frail. (-20% HP)
Your magical capacity is extremely low. (-30% MP)
You passively map a small area around you.
You frequently scream uncontrollably at your foes.
You do not regenerate when monsters are visible.
You are weak. (Str -2)
Your spells are easier to cast, but less powerful.
You expend magic power (3 MP) to strengthen your wands.


Message History

You completely miss Byen.
Byen is almost dead.
You block Byen's attack.
You chop Byen into pieces!!!
You kill Byen!
There is a stone staircase leading up here.
You feel a strong urge to attack something.
The reaper hits you but does no damage.
You blink.
You can't go up here!
You feel your anger subside.
You are no longer berserk.
You are exhausted.
You feel yourself slow down. You block the reaper's attack.
Okay, then.
Press: ? - help, v - describe, . - travel The floor.
This square is covered in magical glow.
You block the reaper's attack.
There is a stone staircase leading up here.
The reaper hits you but does no damage. Space warps horribly around you!
You die...

#....###......# #....# #.#
#....>........####'#### #.#
#.....######.###......####.#####
#..............'......'.........
##.....######..##......#....#.##.
.......# ##.#.......#.####.##.
.......# #...##'####.#..#.##.
.......# #.(.....# #.#....##.
...##### #..@.2..###....####.
...# #.....).......)####. ..##
#.....)..........### ..#
###.....###......### '## ##....#
#.#....+.# .# #.######......#.#
.# #......#.....##.# .###
#......#.....'... ...#
#......#.....####


You could see a reaper.

Vanquished Creatures
  10 orbs of fire
  Mennas (Crypt:2)
  Mara (Crypt:3)
  4 ancient liches
  2 juggernauts (Depths:3)
  14 shard shrikes
  A greater mummy (Crypt:2)
  Xtahua (Crypt:3)
  Margery (Depths:3)
  6 Killer Klowns
  2 caustic shrikes (Depths:3)
  2 curse toes
  Geryon (Hell)
  12 golden dragons
  Nikola (Depths:3)
  4 pearl dragons
  5 bone dragons
  6 iron giants
  2 electric golems
  Arachne (Spider:2)
  3 Tzitzimimeh
  Jorgrun (Depths:3)
  8 Brimstone Fiends
  8 liches
  18 tentacled monstrosities
  7 Ice Fiends
  3 deep elf blademasters (Elf:3)
  Asterion (Elf:2)
  9 Hell Sentinels
  20 Orb Guardians (Zot:5)
  A quicksilver dragon (shapeshifter) (Zig:6)
  2 eldritch tentacles
  16 sphinxes
  6 acid blobs
  2 Executioners
  A titan (Depths:3)
  5 pandemonium lords
  8 quicksilver dragons
  A deep elf master archer (Elf:3)
  12 death cobs
  7 ancient champions
  2 thorn hunters
  7 shadow dragons
  8 tengu reavers
  7 azure jellies
  A daeva (Zig:10)
  7 draconian monks
  A revenant (Crypt:3)
  18 storm dragons
  8 deep elf sorcerers
  An orc warlord (Vaults:4)
  9 draconian knights
  9 ghost moths
  4 draconian scorchers
  9 iron dragons
  Aizul (Elf:3)
  16 fire giants
  11 emperor scorpions
  6 balrugs
  Louise (D:14)
  11 frost giants
  5 removed MONS_DRACONIAN_ZEALOTs
  A curse skull (Crypt:3)
  7 deep elf elementalists
  A cacodemon (Zig:4)
  17 vault wardens
  6 angels
  36 very ugly things
  A caustic shrike skeleton (D:15)
  8 draconian shifters
  54 reapers
  23 ironheart preservers
  10 entropy weavers
  5 draconian annihilators
  6 draconian stormcallers
  4 ophanim
  2 war gargoyles
  25 stone giants
  4 vampire knights
  4 green draconians
  2 apis (Zig:10)
  9 removed MONS_MOTTLED_DRACONIANs
  3 lorocyprocas
  12 yellow draconians
  4 spark wasps
  8 deep elf annihilators
  14 red draconians
  19 purple draconians
  16 black draconians
  5 deep elf demonologists
  2 dire elephants
  12 white draconians
  15 ettins
  11 eidola
  2 merfolk javelineers (Depths:3)
  3 green deaths
  16 deep elf death magi
  A merfolk impaler (Depths:3)
  The ghost of Zigma the Grappler, a journeyman DrTm of Qazlal (D:12)
  Snorg (Lair:4)
  17 blizzard demons
  A ghost (Zot:3)
  A death ooze (Slime:2)
  7 jiangshi
  4 mummy priests
  12 fire dragons
  7 quicksilver dragon zombies
  The ghost of Zigma the Grappler, a journeyman DrTm of Okawaru (IceCv)
  6 deep elf high priests
  The ghost of patman the Fetichist, a journeyman DDMo of Makhleb (Volcano)
  13 great orbs of eyes
  34 ice dragons
  25 yaktaur captains
  8 rakshasas
  Erolcha (Orc:2)
  2 kraken zombies (Coc:2)
  7 quicksilver dragon skeletons
  14 hydras
  3 hell beasts
  A spriggan air mage (Depths:3)
  34 vault guards
  A ghost crab (Swamp:3)
  An anaconda (shapeshifter) (Elf:3)
  5 alligators
  4 anacondas (Depths:2)
  21 death yaks
  10 centaur warriors
  4 death scarabs (Tomb:1)
  16 ogre magi
  20 dancing weapons
  4 deep troll shamans
  An alligator (shapeshifter) (Vaults:5)
  3 death knights
  9 deep troll earth magi
  10 spriggan berserkers
  3 thrashing horrors
  19 hell hogs
  12 tengu warriors
  3 vampire magi
  Urug (D:11)
  11 soul eaters
  10 titan zombies
  6 storm dragon zombies
  11 iron golems
  29 deep elf knights
  14 sun demons
  3 storm dragon skeletons
  8 iron trolls
  A sixfirhy (WizLab)
  128 skeletal warriors
  A shadow wraith (Vaults:5)
  31 hell knights
  4 shadow demons
  13 flayed ghosts
  2 orange crystal statues
  3 titan skeletons
  4 golden dragon zombies
  2 ghost moth zombies
  16 deep elf archers
  A glowing orange brain (Depths:5)
  4 unseen horrors
  10 anaconda zombies
  3 spriggan druids
  30 deep trolls
  2 unseen horrors (shapeshifter)
  5 wizards
  5 anaconda skeletons
  Pikel (D:4)
  A shambling mangrove (Swamp:3)
  A tengu zombie (Vaults:4)
  23 ironbrand convokers
  8 swamp dragons
  7 shadow dragon zombies
  6 removed MONS_HILL_GIANTs
  A lindwurm (Depths:2)
  8 iron dragon zombies
  70 deep elf magi
  6 harpies
  A sphinx zombie (Vaults:4)
  18 phantasmal warriors
  44 wolf spiders
  21 orc knights
  7 shining eyes
  22 orb spiders
  34 necromancers
  2 wolf spider zombies
  53 ugly things
  8 frost giant zombies
  2 shadow dragon skeletons
  5 manticores
  3 orc sorcerers
  8 stone giant zombies
  A salamander (Depths:5)
  14 fire giant zombies
  2 moths of wrath (shapeshifter)
  A worldbinder (WizLab)
  23 moths of wrath
  7 cyclopes
  6 elephants (Lair:6)
  2 shock serpent zombies
  5 fire giant skeletons
  10 dire elephant zombies
  4 centaur zombies
  48 rust devils
  6 black mambas
  2 water nymphs (shapeshifter) (Depths:5)
  5 frost giant skeletons
  An eye of devastation (Slime:4)
  Maurice (D:11)
  4 smoke demons
  7 stone giant skeletons
  8 centaur skeletons
  3 titan simulacra (Coc:7)
  A guardian serpent (WizLab)
  5 molten gargoyles (Geh:7)
  22 vault sentinels
  A shock serpent skeleton (Coc:3)
  3 iron dragon skeletons
  4 storm dragon simulacra (Coc:7)
  8 orange demons
  A demonspawn skeleton (WizLab)
  2 emperor scorpion zombies
  3 catoblepas zombies
  3 yaktaur zombies
  17 spiny frogs
  A yellow draconian zombie (Dis:2)
  46 freezing wraiths
  61 yaktaurs
  42 tormentors
  21 hellions
  2 komodo dragons (shapeshifter)
  9 komodo dragons
  A death yak skeleton (Crypt:2)
  4 rime drakes
  42 ice devils
  2 efreet
  A white draconian skeleton (Crypt:1)
  A ghost moth simulacrum (Coc:2)
  3 anaconda simulacra
  15 hellwings
  A catoblepas skeleton (Coc:1)
  5 dire elephant skeletons
  3 yaktaur skeletons
  A kobold demonologist (D:11)
  7 guardian mummies
  2 elf skeletons
  An ancient zyme (WizLab)
  15 demonic crawlers
  21 polar bears
  55 jumping spiders
  11 trolls
  7 tengu conjurers
  A troll (shapeshifter) (Depths:1)
  A merfolk (shapeshifter) (Vaults:5)
  17 hydra zombies
  3 meliai (Lair:4)
  2 queen bees
  5 harpy zombies
  23 red devils
  4 tyrant leeches
  11 hornets
  A polar bear (shapeshifter) (Vaults:2)
  25 two-headed ogres
  2 deep troll zombies
  3 harpy skeletons
  5 ice dragon zombies
  15 bog bodies
  12 blink frogs
  5 hydra skeletons
  Grinder (D:3)
  9 alligator zombies
  4 spriggan zombies
  10 ettin zombies
  5 fire dragon zombies
  72 slime creatures
  13 hippogriffs
  A slime creature (shapeshifter) (Vaults:5)
  A stone giant simulacrum (Coc:6)
  7 dream sheep
  A fire giant simulacrum (Vaults:3)
  A spriggan skeleton (D:15)
  5 ice dragon skeletons
  2 hippogriffs (shapeshifter)
  21 shadows
  A centaur simulacrum (D:14)
  5 ettin skeletons
  2 black mamba zombies
  8 fire dragon skeletons
  6 air elementals
  A guardian serpent skeleton (Crypt:2)
  3 ushabtiu (Tomb:1)
  A spriggan (shapeshifter) (Vaults:1)
  41 tarantellas
  7 wyverns
  56 flying skulls
  4 spriggans
  3 black mamba skeletons
  17 water elementals
  46 yaks
  2 ynoxinuls
  2 alligator skeletons
  87 redbacks
  32 wraiths
  6 large abominations
  3 fire bats
  A tarantella (shapeshifter) (Vaults:4)
  A human (shapeshifter) (Vaults:3)
  A catoblepas simulacrum (Hell)
  2 chaos spawn (Depths:4)
  22 fire elementals
  9 basilisks
  Edmund (D:4)
  3 merfolk zombies
  13 vampire mosquitoes
  4 acid dragons
  A harpy simulacrum (Crypt:1)
  16 swamp worms
  4 hungry ghosts
  3 spatial vortices (WizLab)
  14 wargs
  A torturous demonspawn zombie (Coc:3)
  6 hydra simulacra
  An infernal demonspawn zombie (Crypt:2)
  2 insubstantial wisps (WizLab)
  A floating eye (Depths:4)
  13 water moccasins
  A gelid demonspawn skeleton (WizLab)
  2 monstrous demonspawn skeletons
  50 hell hounds
  8 spiny frog zombies
  A faun skeleton (Crypt:1)
  8 porcupines
  7 swamp drakes
  A sky beast (D:11)
  4 swamp dragon zombies
  2 black bears
  12 ice beasts
  56 orc warriors
  A slave (D:3)
  3 spiny frog skeletons
  An alligator simulacrum (Hell)
  3 manticore zombies
  A dream sheep zombie (Crypt:1)
  8 snapping turtle zombies
  2 eyes of draining
  65 ogres
  14 wolves (IceCv)
  9 phantoms
  9 small abominations
  12 boggarts
  A wolf (shapeshifter) (Elf:3)
  4 necrophages
  5 snapping turtle skeletons
  7 crocodiles
  27 centaurs
  A manticore skeleton (Coc:6)
  3 big kobolds
  An elf simulacrum (Vaults:5)
  2 big kobolds (shapeshifter) (Depths:1)
  2 swamp dragon skeletons
  An elf zombie (Dis:5)
  21 bullfrogs
  A gnoll sergeant (Orc:2)
  3 earth elementals
  9 wyvern skeletons
  A water moccasin skeleton (D:8)
  3 spiny frog simulacra
  7 scorpions
  A queen bee zombie (Crypt:1)
  A cyclops skeleton (Crypt:1)
  59 killer bees
  52 wights
  9 howler monkeys
  3 electric eels
  5 lava snakes (Volcano)
  14 crimson imps
  A human simulacrum (Vaults:2)
  2 human zombies
  6 starcursed masses (WizLab)
  5 quasits
  3 bullfrog skeletons
  19 orc priests
  5 hounds
  55 iron imps
  A hound (shapeshifter) (Vaults:4)
  3 jellies
  31 orc wizards
  A basilisk skeleton (Crypt:2)
  A two-headed ogre skeleton (Crypt:2)
  7 iguanas
  5 hell rats
  A human skeleton (Coc:1)
  A lightning spire (Zig:9)
  4 worker ants
  An ogre zombie (Geh:6)
  An ogre skeleton (Coc:1)
  2 hound skeletons
  28 mummies
  A worker ant zombie (D:11)
  22 gnolls
  A steam dragon zombie (Crypt:2)
  14 adders
  A swamp drake zombie (Crypt:1)
  4 shadow imps
  16 white imps
  2 ufetubi (Depths:3)
  An ooze (D:1)
  An iguana zombie (Crypt:1)
  6 worms
  2 dart slugs
  4 leopard geckos
  120 orcs
  5 giant cockroaches
  11 goblins
  18 hobgoblins
  7 jackals
  26 kobolds
  5 quokkas
  3 ball pythons
  A ball python skeleton (Crypt:2)
  A ball python zombie (Crypt:2)
  4 bats
  A frilled lizard (D:3)
  A jackal zombie (D:7)
  A leopard gecko skeleton (D:5)
  10 rats
  A bush (Depths:2)
  6 crawling corpses
  7 fungi
  3 plants
  3 tentacles (Coc:2)
  4 withered plants (Crypt:3)
4160 creatures vanquished.

Vanquished Creatures (collateral kills)
  2 Orb Guardians (Zot:5)
2 creatures vanquished.

Vanquished Creatures (others)
  A deep elf master archer (Elf:3)
  A death cob (Zot:1)
  2 eldritch tentacles
  A tengu reaver (Depths:3)
  3 draconian scorchers (Zot:1)
  An elemental wellspring (Coc:7)
  A stone giant (Depths:4)
  Nessos (Lair:4)
  A deep elf death mage (Elf:3)
  An ettin (Depths:3)
  3 yaktaur captains
  4 hell hogs
  2 centaur warriors
  A deep troll earth mage (Depths:3)
  A deep elf knight (Vaults:3)
  5 deep elf archers
  2 deep elf magi
  A moth of wrath (Zot:5)
  9 yaktaurs
  2 polar bears (IceCv)
  2 jumping spiders
  A tarantella (Spider:2)
  A wraith (Geh:5)
  A spatial vortex (WizLab)
  4 hell hounds
  An orc warrior (Vaults:1)
  2 ogres
  3 centaurs
  A howler monkey (D:4)
  A worker ant (D:4)
  A hell rat (Hell)
  5 orcs (Orc:2)
  2 kobolds
  2 bushes (Lair:6)
  45 fungi
  50 plants
  6 tentacles (Coc:2)
  13 withered plants
184 creatures vanquished.

Grand Total: 4346 creatures vanquished

Notes
Turn   | Place    | Note
-------+----------+-------------------------------------------
     0 | D:1      | Orbaz the Demonspawn Fighter began the quest for the Orb.
     0 | D:1      | Reached XP level 1. HP: 18/18 MP: 1/1
   190 | D:1      | Gained mutation: You are partially covered in slimy green scales. (AC +2) [demonic ancestry]
   190 | D:1      | Reached XP level 2. HP: 22/24 MP: 2/2
   613 | D:2      | Gained mutation: When hurt, damage is shared between your health and your magic reserves. [demonic ancestry]
   613 | D:2      | Reached XP level 3. HP: 27/29 MP: 3/3
   817 | D:3      | Noticed Grinder
   822 | D:3      | Paralysed by Grinder for 4 turns
   832 | D:3      | Killed Grinder
   832 | D:3      | Gained mutation: You are slightly more attuned to the shadows. [demonic ancestry]
   832 | D:3      | Reached XP level 4. HP: 11/35 MP: 1/4
   832 | D:3      | Gained mutation: You have sharp fingernails. [demonic ancestry]
   832 | D:3      | Reached XP level 5. HP: 13/41 MP: 1/5
  1107 | D:3      | Reached skill level 5 in Axes
  1132 | D:3      | Reached XP level 6. HP: 31/47 MP: 4/6
  2371 | D:4      | Found a staircase to the Ecumenical Temple.
  2406 | Temple   | Entered the Ecumenical Temple
  2663 | Temple   | Became a worshipper of Uskayaw the Reveler
  2723 | D:4      | Reached * piety under Uskayaw
  2751 | D:4      | Noticed a slave
  2751 | D:4      | Noticed a slave
  3012 | D:4      | Noticed Pikel
  3012 | D:4      | Noticed a slave
  3021 | D:3      | Killed a slave
  3124 | D:4      | Noticed a slave
  3124 | D:4      | Reached ** piety under Uskayaw
  3125 | D:4      | Killed Pikel
  3125 | D:4      | Gained mutation: You regenerate magic rapidly. [demonic ancestry]
  3125 | D:4      | Reached XP level 7. HP: 48/52 MP: 5/9
  3224 | D:4      | Reached XP level 8. HP: 28/58 MP: 4/10
  3558 | D:4      | Noticed Edmund
  3561 | D:4      | Found a deep blue altar of Sif Muna.
  3619 | D:5      | Entered Level 5 of the Dungeon
  3631 | D:5      | Reached skill level 5 in Shields
  3872 | D:5      | Found Qoosimua's Armour Boutique.
  3914 | D:5      | Reached *** piety under Uskayaw
  4661 | D:6      | You fall through a shaft for 2 floors!
  4661 | D:8      | Found a staircase to the Lair.
  4717 | D:9      | Reached skill level 5 in Invocations
  5003 | D:9      | Gained mutation: You are mostly covered in slimy green scales. (AC +3) [demonic ancestry]
  5003 | D:9      | Reached XP level 9. HP: 57/65 MP: 12/12
  5206 | D:9      | Gained mutation: Your body sometimes deteriorates upon taking damage. [potion of mutation]
  5206 | D:9      | Gained mutation: You have very sharp teeth. [potion of mutation]
  5206 | D:9      | Gained mutation: You are weak. (Str -2) [potion of mutation]
  5367 | D:9      | Reached **** piety under Uskayaw
  5619 | D:9      | Noticed a troll
  5628 | D:9      | Killed a troll
  6223 | D:10     | Entered Level 10 of the Dungeon
  6319 | D:10     | Reached skill level 5 in Fighting
  6319 | D:10     | Reached skill level 10 in Axes
  6406 | D:10     | Reached skill level 5 in Armour
  6566 | D:10     | Reached skill level 1 in Unarmed Combat
  6590 | D:10     | Gained mutation: You have very sharp fingernails. [demonic ancestry]
  6590 | D:10     | Reached XP level 10. HP: 66/74 MP: 13/15
  6599 | D:10     | Gained mutation: You have a pair of small horns on your head. [potion of beneficial mutation]
  6643 | D:10     | Reached skill level 1 in Dodging
  6659 | D:10     | Found a staircase to the Orcish Mines.
  6893 | D:10     | Reached ***** piety under Uskayaw
  8635 | D:4      | Killed Edmund
  8689 | D:4      | Gained mutation: You possess an exceptional clarity of mind. [potion of mutation]
  8689 | D:4      | Lost mutation: Your body sometimes deteriorates upon taking damage. [potion of mutation]
  8689 | D:4      | Gained mutation: You are very weak. (Str -4) [potion of mutation]
  9128 | Lair:1   | Entered Level 1 of the Lair of Beasts
  9170 | Lair:1   | Gained mutation: When low on magic, you restore magic in place of health. [demonic ancestry]
  9170 | Lair:1   | Reached XP level 11. HP: 79/79 MP: 15/17
  9185 | Lair:1   | Found a dark tunnel.
  9191 | Volcano  | Entered a volcano
  9193 | Volcano  | Noticed patman's ghost (journeyman DDMo)
  9207 | Volcano  | Killed patman's ghost
  9813 | Volcano  | Found a radiant altar of Vehumet.
  9813 | Volcano  | Noticed a lindwurm
 10349 | Lair:1   | Noticed a seven-headed hydra
 10474 | Lair:2   | Found a staircase to the Swamp.
 11087 | Lair:3   | Noticed an eight-headed hydra
 11095 | Lair:3   | Killed an eight-headed hydra
 11167 | Lair:3   | Noticed a death yak
 11167 | Lair:3   | Noticed a death yak
 11168 | Lair:3   | Noticed a death yak
 11185 | Lair:4   | Noticed a death yak
 11187 | Lair:4   | Noticed a death yak
 11200 | Lair:4   | Noticed a death yak
 11201 | Lair:4   | Noticed a death yak
 11203 | Lair:4   | Noticed a death yak
 11417 | Lair:4   | Got a translucent lapis lazuli ring
 11418 | Lair:4   | Identified the ring "Ewamp" {-Tele rC++ AC+2 Dex+2 Slay+3} (You found it on level 4 of the Lair of Beasts)
 11429 | Lair:4   | Noticed Nessos
 11442 | Lair:4   | HP: 5/118 [poisoned by Nessos]
 11448 | Lair:4   | HP: 1/79 [poisoned by Nessos]
 11453 | Lair:4   | Killed Nessos
 11602 | Lair:4   | Noticed a six-headed hydra
 11665 | Lair:6   | Entered Level 6 of the Lair of Beasts
 12085 | Lair:6   | Found a viscous altar of Jiyva.
 12085 | Lair:6   | Found a staircase to the Slime Pits.
 12154 | Lair:6   | Reached XP level 12. HP: 45/86 MP: 10/19
 12441 | Lair:6   | Noticed a seven-headed hydra
 12498 | Lair:5   | Reached skill level 10 in Invocations
 12512 | Lair:5   | Reached ****** piety under Uskayaw
 12556 | Lair:4   | Noticed a death yak
 12557 | Lair:4   | Noticed a death yak
 12570 | Lair:3   | Noticed a death yak
 12773 | Orc:1    | Entered Level 1 of the Orcish Mines
 12829 | Orc:1    | Found a flagged portal.
 12834 | Bailey   | Entered a bailey
 13595 | Orc:1    | Reached skill level 10 in Shields
 13810 | Orc:2    | Entered Level 2 of the Orcish Mines
 13918 | Orc:2    | Noticed Erolcha
 13931 | Orc:2    | Killed Erolcha
 13992 | Orc:2    | Found a staircase to the Elven Halls.
 14465 | Orc:2    | Reached XP level 13. HP: 94/94 MP: 18/20
 14539 | Orc:2    | Found Luffitix's Food Emporium.
 14539 | Orc:2    | Found Poummysk's Magic Scroll Boutique.
 14540 | Orc:2    | Found Nutruemaywk's Armour Shop.
 14542 | Orc:2    | Found Holegom's Distillery.
 14765 | Orc:2    | Bought a +0 pair of boots for 72 gold pieces
 14765 | Orc:2    | Bought a +0 cloak for 72 gold pieces
 14775 | Orc:2    | Upgraded the game from 0.20-a0-2-g2b0e13a to 0.20-a0-9-g62d82d9
 14779 | Orc:2    | Bought a scroll of fog for 34 gold pieces
 15725 | D:11     | Noticed Maurice
 15734 | D:11     | Killed Maurice
 15734 | D:11     | Reached skill level 1 in Maces & Flails
 15949 | D:11     | Noticed Urug
 15972 | D:11     | Killed Urug
 16294 | D:12     | Found a shattered altar of Ashenzari.
 16333 | D:12     | Found a frozen archway.
 16345 | D:12     | Reached skill level 10 in Fighting
 16365 | IceCv    | Entered an ice cave
 16365 | IceCv    | Noticed Zigma's ghost (journeyman DrTm)
 16398 | IceCv    | Killed Zigma's ghost
 16909 | IceCv    | Noticed a frost giant
 16935 | IceCv    | Killed a frost giant
 16951 | IceCv    | Gained mutation: You are completely covered in slimy green scales. (AC +4, rPois) [demonic ancestry]
 16951 | IceCv    | Reached XP level 14. HP: 114/114 MP: 15/21
 16976 | IceCv    | Got a vibrating golden ring
 16977 | IceCv    | Identified the ring of Foolhardiness {Ice MR+} (You found it in an ice cave)
 17299 | D:12     | Noticed Zigma's ghost (journeyman DrTm)
 17337 | D:12     | Killed Zigma's ghost
 18054 | D:13     | Found a gate to the Vaults.
 18474 | D:13     | Reached skill level 15 in Axes
 18823 | D:13     | Found a glowing golden altar of the Shining One.
 18961 | D:13     | Reached skill level 1 in Charms
 19042 | D:14     | Reached skill level 5 in Unarmed Combat
 19123 | D:14     | Found Hoejaepo's General Store.
 19344 | D:14     | Found a runed door.
 19349 | D:14     | Found a runed door.
 19614 | D:14     | Noticed Louise
 19619 | D:14     | Killed Louise
 19871 | D:14     | Reached XP level 15. HP: 78/120 MP: 14/23
 20065 | D:15     | Entered Level 15 of the Dungeon
 20204 | D:15     | Found a staircase to the Depths.
 20545 | D:15     | Found a sparkling altar of Nemelex Xobeh.
 22524 | Lair:4   | Found a hole to the Spider Nest.
 22531 | Lair:4   | Found a bloodstained altar of Trog.
 22756 | Lair:4   | Got a warped scimitar
 22757 | Lair:4   | Identified the cursed +1 scimitar "Hoqai" {slice, *Slow MP+9 Dex+5} (You found it on level 4 of the Lair of Beasts)
 22796 | Lair:4   | Noticed Snorg
 22819 | Lair:4   | Killed Snorg
 24315 | Lair:6   | Reached XP level 16. HP: 123/127 MP: 25/25
 24317 | Lair:6   | Reached skill level 10 in Armour
 24566 | Lair:6   | Found a shimmering altar of Xom.
 24757 | Lair:6   | Found a burning altar of Makhleb.
 24846 | Lair:6   | Found a gateway to Hell.
 25634 | Spider:1 | Entered Level 1 of the Spider Nest
 26258 | Spider:1 | Got a silken robe
 26259 | Spider:1 | Identified the +1 robe of Repulsion {Regen+ Int+3 SInv} (You found it on level 1 of the Spider Nest)
 26273 | Spider:1 | Got an encrusted battleaxe
 26274 | Spider:1 | Identified the +8 battleaxe "Kouw Uli" {drain, -Tele rElec rC+ Str+4} (You found it on level 1 of the Spider Nest)
 27044 | Spider:2 | Got a heavily jewelled robe
 27045 | Spider:2 | Identified the cursed +0 robe of the Crypt {rElec rN+ MP+9 Dex-5} (You found it on level 2 of the Spider Nest)
 27105 | Spider:2 | Noticed Arachne
 27118 | Spider:2 | Killed Arachne
 27129 | Spider:2 | Reached XP level 17. HP: 107/138 MP: 20/27
 28140 | Spider:3 | Lost mutation: You have a pair of small horns on your head. [potion of cure mutation]
 28140 | Spider:3 | Lost mutation: You have very sharp teeth. [potion of cure mutation]
 28140 | Spider:3 | Lost mutation: You are very weak. (Str -4) [potion of cure mutation]
 28355 | Spider:3 | Identified a scroll of acquirement
 29196 | Spider:4 | Entered Level 4 of the Spider Nest
 30423 | Spider:4 | Reached skill level 15 in Fighting
 30594 | Spider:4 | Got a pitted morningstar
 30595 | Spider:4 | Identified the cursed +1 morningstar of the Saviour {antimagic, +Blink} (You found it on level 4 of the Spider Nest)
 31254 | Spider:4 | Reached skill level 15 in Invocations
 31662 | Spider:4 | Got a gossamer rune of Zot
 31698 | Spider:4 | Reached XP level 18. HP: 132/150 MP: 29/29
 32448 | Depths:1 | Entered Level 1 of the Depths
 33241 | Depths:1 | Noticed a lich
 33247 | Depths:1 | Killed a lich
 33287 | Depths:1 | Got a clouded glass ring
 33288 | Depths:1 | Identified the ring of Vuejuseh {*Contam rPois MR+ Str+6 Dex+2} (You found it on level 1 of the Depths)
 33549 | Depths:1 | HP: 7/151 [stone giant/large rock (19)]
 34033 | Depths:1 | Gained mutation: Your flesh is cold resistant. (rC+) [potion of beneficial mutation]
 34034 | Depths:1 | Gained mutation: You have a pair of small antennae on your head. [potion of beneficial mutation]
 34035 | Depths:1 | Gained mutation: Your flesh is heat resistant. (rF+) [potion of beneficial mutation]
 34036 | Depths:1 | Gained mutation: You passively map a small area around you. [potion of beneficial mutation]
 34037 | Depths:1 | Gained mutation: Your spells are a little harder to cast, but a little more powerful. [potion of beneficial mutation]
 34098 | Depths:2 | Found a one-way gate to the infinite horrors of the Abyss.
 35010 | Depths:2 | Found a one-way gate leading to the halls of Pandemonium.
 35438 | Depths:2 | Gained mutation: You have claws for hands. [demonic ancestry]
 35438 | Depths:2 | Reached XP level 19. HP: 115/157 MP: 27/31
 35733 | Depths:3 | Found a shattered altar of Ashenzari.
 35739 | Depths:3 | Got a crude chain mail
 35740 | Depths:3 | Identified the +8 chain mail of Action {rC- rN+ MR++ Int+3} (You found it on level 3 of the Depths)
 36122 | Depths:3 | Noticed Jorgrun
 36219 | Depths:3 | Killed Jorgrun
 36319 | Depths:3 | Reached skill level 5 in Dodging
 36371 | Depths:3 | Noticed Margery
 36648 | Elf:1    | Entered Level 1 of the Elven Halls
 36658 | Elf:1    | Found a magical portal.
 36676 | WizLab   | Entered The Roulette of Golubria
 36964 | WizLab   | Found a corrupted altar of Lugonu.
 37237 | WizLab   | Paralysed by accursed screaming for 1 turns
 37322 | WizLab   | Identified the Catalogue of the Voyage
 37331 | WizLab   | Found a corrupted altar of Lugonu.
 38782 | Elf:1    | Found Fimin's Antique Weapon Boutique.
 39470 | Elf:2    | Gained mutation: You are significantly more attuned to the shadows. [demonic ancestry]
 39470 | Elf:2    | Reached XP level 20. HP: 150/164 MP: 30/32
 39564 | Elf:2    | Noticed Asterion
 39660 | Orc:2    | Bought a potion of might for 52 gold pieces
 39660 | Orc:2    | Bought a potion of heal wounds for 65 gold pieces
 39881 | Swamp:1  | Entered Level 1 of the Swamp
 39901 | Swamp:1  | Gained mutation: You have sharp toenails. [potion of beneficial mutation]
 41336 | Swamp:4  | Entered Level 4 of the Swamp
 42165 | Swamp:4  | Got a smoking rapier
 42166 | Swamp:4  | Identified the cursed +2 rapier "Embalmer" {freeze, rPois rF+} (You found it on level 4 of the Swamp)
 42518 | Swamp:4  | Got a decaying rune of Zot
 42767 | Slime:1  | Entered Level 1 of the Pits of Slime
 42931 | Slime:1  | Gained mutation: Armour fits poorly on your strangely shaped body. [a shining eye]
 42939 | Slime:1  | Gained mutation: You occasionally shout uncontrollably at your foes. [a shining eye]
 43046 | Slime:3  | Gained mutation: You sometimes yell uncontrollably at your foes. [a shining eye]
 43087 | Slime:4  | Gained mutation: Your body sometimes deteriorates upon taking damage. [a shining eye]
 43088 | Slime:4  | Lost mutation: You sometimes yell uncontrollably at your foes. [a shining eye]
 43092 | Slime:4  | Gained mutation: You expend magic power (3 MP) to strengthen your wands. [a shining eye]
 43225 | Slime:4  | Gained mutation: You are frail. (-10% HP) [a shining eye]
 43394 | Slime:4  | Gained mutation: Your magical capacity is low. (-10% MP) [a shining eye]
 43728 | Slime:4  | Gained mutation: Your magical capacity is very low. (-20% MP) [a shining eye]
 43828 | Slime:2  | Reached skill level 15 in Shields
 44291 | Lair:6   | Upgraded the game from 0.20-a0-9-g62d82d9 to 0.20-a0-16-g0876c8e
 44655 | Depths:3 | Reached XP level 21. HP: 146/153 MP: 27/27
 44659 | Depths:3 | Killed Margery
 45013 | Depths:3 | Noticed Nikola
 45043 | Depths:3 | Killed Nikola
 45344 | Depths:3 | Noticed a golden dragon
 45381 | Depths:3 | Killed a golden dragon
 45942 | Depths:3 | Noticed a juggernaut
 45955 | Depths:3 | Killed a juggernaut
 45958 | Depths:3 | Noticed a juggernaut
 45970 | Depths:3 | Killed a juggernaut
 46119 | Depths:3 | Noticed a caustic shrike
 46128 | Depths:3 | Killed a caustic shrike
 46316 | Depths:3 | Noticed a caustic shrike
 46329 | Depths:3 | Killed a caustic shrike
 47142 | Depths:4 | Reached XP level 22. HP: 160/160 MP: 28/28
 47624 | Depths:4 | Paralysed by a floating eye for 3 turns
 48021 | Depths:5 | Entered Level 5 of the Depths
 48693 | Depths:5 | Noticed a golden dragon
 48706 | Depths:5 | Killed a golden dragon
 49240 | Depths:5 | Found a gateway to a ziggurat.
 49562 | Depths:5 | Noticed a golden dragon
 49583 | Depths:5 | Killed a golden dragon
 49595 | Depths:5 | Found a gate to the Realm of Zot.
 50060 | Vaults:1 | Entered Level 1 of the Vaults
 50634 | Vaults:1 | Gained mutation: You resist negative energy. (rN+) [demonic ancestry]
 50634 | Vaults:1 | Reached XP level 23. HP: 171/171 MP: 29/29
 50666 | Vaults:1 | Found Vumeatt's Magic Scroll Boutique.
 52787 | Vaults:2 | Found a staircase to the Crypt.
 53255 | Vaults:3 | Found Raisogga's Distillery.
 53543 | Vaults:3 | Found Dyga's Distillery.
 53746 | Vaults:3 | Found Jausmomu's Assorted Antiques.
 53765 | Vaults:3 | Found Purph's Weapon Shoppe.
 53766 | Vaults:3 | Found Fadig's Jewellery Boutique.
 53790 | Vaults:3 | Got an opalescent robe
 53791 | Vaults:3 | Identified the +2 robe of the Jackalope {rC+} (You found it on level 3 of the Vaults)
 53926 | Vaults:3 | Gained mutation: You are completely attuned to the shadows. [demonic ancestry]
 53926 | Vaults:3 | Reached XP level 24. HP: 167/180 MP: 28/30
 56281 | Vaults:5 | Entered Level 5 of the Vaults
 56579 | Vaults:5 | Found Vitem's Weapon Emporium.
 56599 | Vaults:5 | Gained mutation: You are somewhat able to resist unholy torments (1 in 2 success). [demonic ancestry]
 56599 | Vaults:5 | Reached XP level 25. HP: 180/190 MP: 30/30
 57397 | Vaults:5 | Got a fine graven amulet
 57809 | Vaults:5 | Noticed an ancient lich
 57819 | Vaults:5 | Killed an ancient lich
 58058 | Vaults:5 | Got a silver rune of Zot
 58081 | Vaults:5 | Upgraded the game from 0.20-a0-16-g0876c8e to 0.20-a0-17-g69bea3c
 58268 | Vaults:5 | Identified the amulet "Fiego" {Spirit Fragile rN+ Slay+3} (You took it off a yaktaur on level 5 of the Vaults)
 58272 | Vaults:5 | Got a crystal battleaxe
 58273 | Vaults:5 | Identified the +5 battleaxe "Qeal Nonn" {flame, *Rage +Blink Int+9 Dex-5} (You found it on level 5 of the Vaults)
 58648 | Vaults:5 | Got a faintly glowing scale mail
 58649 | Vaults:5 | Identified the +4 scale mail of the Gardener {MP+9 Str+4} (You found it on level 5 of the Vaults)
 58974 | Elf:2    | Killed Asterion
 59060 | Elf:2    | Found a runed gate.
 59060 | Elf:2    | Found a runed gate.
 59060 | Elf:2    | Found a runed gate.
 59612 | Elf:3    | Entered Level 3 of the Elven Halls
 59851 | Elf:3    | Noticed Aizul
 59865 | Elf:3    | Killed Aizul
 60052 | Elf:3    | Gained mutation: Your melee attacks may debilitate your foes. [demonic ancestry]
 60052 | Elf:3    | Reached XP level 26. HP: 86/201 MP: 21/31
 60463 | Elf:3    | Found Qyptio's Antique Weapon Shop.
 60895 | Elf:3    | Got a scorched golden ring
 60925 | Elf:3    | Got a scorched marble ring
 60929 | Elf:3    | Identified the cursed ring "Ketiwush" {rElec rPois rC+ EV-2 Dex-3} (You took it off a deep elf mage on level 3 of the Elven Halls)
 60931 | Elf:3    | Identified the ring "Komengul" {Slay+3 Stlth+} (You found it on level 3 of the Elven Halls)
 60946 | Elf:3    | Got a steaming cloak
 60949 | Elf:3    | Identified the cursed +0 cloak "Ozapp" {rElec rF+} (You found it on level 3 of the Elven Halls)
 60957 | Elf:3    | Got an ichor-stained ring mail
 60958 | Elf:3    | Identified the +0 ring mail of Coussinn {*Drain rPois rF+++ Str+4} (You found it on level 3 of the Elven Halls)
 60980 | Elf:3    | Got a brightly glowing ring mail
 60981 | Elf:3    | Identified the cursed +1 ring mail of the Apprentice {-Cast rPois Dex+5} (You found it on level 3 of the Elven Halls)
 60993 | Elf:3    | Got a heavily runed diamond amulet
 60998 | Elf:3    | Identified the amulet "Fasker Mune" {Spirit rElec Str+4} (You took it off a deep elf high priest on level 3 of the Elven Halls)
 61017 | Elf:3    | Got a vibrating glass ring
 61018 | Elf:3    | Identified the ring "Paeck" {rF+ MR+ Dex+2} (You took it off a deep elf blademaster on level 3 of the Elven Halls)
 61744 | Crypt:1  | Entered Level 1 of the Crypt
 62472 | Crypt:2  | Noticed Mennas
 62905 | Hell     | Entered the Vestibule of Hell
 62908 | Hell     | Noticed Geryon
 62936 | Hell     | Killed Geryon
 63866 | Hell     | Found a gateway to the Iron City of Dis.
 64361 | Hell     | Found a gateway to the ashen valley of Gehenna.
 64464 | Hell     | Found a gateway to the freezing wastes of Cocytus.
 64555 | Hell     | Found a gateway to the decaying netherworld of Tartarus.
 64766 | Dis:1    | Entered Level 1 of the Iron City of Dis
 65256 | Dis:1    | Reached skill level 15 in Armour
 65956 | Dis:2    | Reached XP level 27. HP: 188/207 MP: 30/31
 66889 | Zot:1    | Entered Level 1 of the Realm of Zot
 67121 | Zot:1    | Noticed an orb of fire
 67515 | Zot:1    | Noticed an orb of fire
 67526 | Zot:1    | Gained mutation: Your body often deteriorates upon taking damage. [an orb of fire]
 67531 | Zot:1    | Killed an orb of fire
 70543 | Zot:4    | Reached skill level 27 in Invocations
 70923 | Zot:5    | Entered Level 5 of the Realm of Zot
 71086 | Zot:5    | Noticed an ancient lich
 71100 | Zot:5    | Killed an ancient lich
 71326 | Zot:5    | Noticed an orb of fire
 71329 | Zot:5    | Gained mutation: You are clumsy. (Dex -2) [an orb of fire]
 71330 | Zot:5    | Gained mutation: You sometimes yell uncontrollably at your foes. [an orb of fire]
 71333 | Zot:5    | Lost mutation: You possess an exceptional clarity of mind. [an orb of fire]
 71340 | Zot:5    | Noticed an orb of fire
 71341 | Zot:5    | Noticed an orb of fire
 71342 | Zot:5    | Noticed an orb of fire
 71343 | Zot:5    | Noticed an orb of fire
 71344 | Zot:5    | Noticed an orb of fire
 71344 | Zot:5    | Noticed an orb of fire
 71344 | Zot:5    | Gained mutation: Your magical capacity is extremely low. (-30% MP) [an orb of fire]
 71349 | Zot:5    | Gained mutation: You frequently scream uncontrollably at your foes. [an orb of fire]
 71351 | Zot:5    | Noticed an ancient lich
 71352 | Zot:5    | Killed an orb of fire
 71353 | Zot:5    | Killed an orb of fire
 71354 | Zot:5    | Killed an ancient lich
 71365 | Zot:5    | Noticed an orb of fire
 71372 | Zot:5    | Gained mutation: You are very clumsy. (Dex -4) [an orb of fire]
 71376 | Zot:5    | Killed an orb of fire
 71377 | Zot:5    | Noticed an orb of fire
 71377 | Zot:5    | Noticed an orb of fire
 71377 | Zot:5    | Gained mutation: You are very frail. (-20% HP) [an orb of fire]
 72166 | Vaults:3 | Bought a potion of heal wounds for 70 gold pieces
 72166 | Vaults:3 | Bought a potion of beneficial mutation for 490 gold pieces
 72166 | Vaults:3 | Bought a potion of heal wounds for 70 gold pieces
 72166 | Vaults:3 | Bought a potion of heal wounds for 70 gold pieces
 72166 | Vaults:3 | Bought a potion of haste for 140 gold pieces
 72420 | Coc:1    | Entered Level 1 of Cocytus
 74363 | Coc:7    | Entered Level 7 of Cocytus
 76793 | Crypt:2  | Killed Mennas
 76802 | Crypt:2  | Lost mutation: You have a pair of small antennae on your head. [potion of mutation]
 76802 | Crypt:2  | Lost mutation: Armour fits poorly on your strangely shaped body. [potion of mutation]
 76802 | Crypt:2  | Lost mutation: You expend magic power (3 MP) to strengthen your wands. [potion of mutation]
 78407 | Crypt:2  | Noticed a greater mummy
 78418 | Crypt:2  | Killed a greater mummy
 78439 | Crypt:2  | Got a translucent iron ring
 78440 | Crypt:2  | Identified the ring of Departure {rElec rF+ Str-3 Int+5 Slay+3 SInv} (You took it off a greater mummy on level 2 of the Crypt)
 78527 | Crypt:3  | Entered Level 3 of the Crypt
 78737 | Crypt:3  | Upgraded the game from 0.20-a0-17-g69bea3c to 0.20-a0-19-gd4fea00
 78825 | Crypt:3  | Noticed Mara
 78836 | Crypt:3  | Killed Mara
 79220 | Crypt:3  | Noticed Xtahua
 79300 | Crypt:3  | Noticed an ancient lich
 79306 | Crypt:3  | Killed an ancient lich
 79332 | Crypt:3  | Got a sparkling turquoise ring
 79334 | Crypt:3  | Got a coiled brass ring
 79338 | Crypt:3  | Identified the ring "Cite" {+Fly MR+ Str+2 Dex+2 Stlth+} (You found it on level 3 of the Crypt)
 79339 | Crypt:3  | Identified the ring of Brilliance {Dex+6 Stlth+} (You found it on level 3 of the Crypt)
 79348 | Crypt:3  | Got a bloodstained hand axe {elec}
 79349 | Crypt:3  | Identified the +9 hand axe of the Traitor {elec, MR- Str+3 Int+4} (You took it off a necromancer on level 3 of the Crypt)
 79562 | Crypt:3  | Found an ancient bone altar of Kikubaaqudgha.
 79689 | Crypt:3  | Killed Xtahua
 80291 | Crypt:3  | Found a staircase to the Tomb.
 80600 | Tomb:1   | Entered Level 1 of the Tomb of the Ancients
 82204 | Geh:1    | Entered Level 1 of Gehenna
 83104 | Geh:7    | Entered Level 7 of Gehenna
 84133 | Depths:5 | Got an encrusted crystal plate armour
 84134 | Depths:5 | Identified the +7 crystal plate armour "Yhahaext" {*Drain rElec rCorr Dex-4} (You acquired it on level 5 of the Depths)
 86305 | Coc:2    | Gained mutation: You expend magic power (3 MP) to strengthen your wands. [mutagenic glow]
 87156 | Vaults:3 | Bought a potion of haste for 180 gold pieces
 87156 | Vaults:3 | Bought a potion of haste for 180 gold pieces
 87156 | Vaults:3 | Bought a potion of haste for 180 gold pieces
 87156 | Vaults:3 | Bought a potion of haste for 180 gold pieces
 87194 | Vaults:3 | Bought a scroll of teleportation for 108 gold pieces
 87194 | Vaults:3 | Bought 2 potions of haste for 720 gold pieces
 87400 | Orc:2    | Bought a potion of haste for 130 gold pieces
 87403 | Orc:2    | Bought a scroll of teleportation for 51 gold pieces
 87744 | Depths:5 | Got a dazzling war axe
 87745 | Depths:5 | Identified the +9 war axe of Evil {venom, Int+4} (You acquired it on level 5 of the Depths)
 87825 | Zig:1    | Entered Level 1 of a ziggurat
 87852 | Zig:2    | Entered Level 2 of a ziggurat
 87887 | Zig:3    | Entered Level 3 of a ziggurat
 87944 | Zig:3    | Identified the Handbook of Supportive Feathers
 87955 | Zig:4    | Entered Level 4 of a ziggurat
 87961 | Zig:4    | Noticed Hiset the pandemonium lord
 87974 | Zig:4    | Killed Hiset the pandemonium lord
 87986 | Zig:4    | Lost mutation: Your flesh is cold resistant. (rC+) [potion of cure mutation]
 87986 | Zig:4    | Lost mutation: Your spells are a little harder to cast, but a little more powerful. [potion of cure mutation]
 87986 | Zig:4    | Lost mutation: You are very frail. (-20% HP) [potion of cure mutation]
 87986 | Zig:4    | Lost mutation: You are very clumsy. (Dex -4) [potion of cure mutation]
 88233 | Zig:5    | Entered Level 5 of a ziggurat
 88241 | Zig:5    | Noticed Uptogoko the pandemonium lord
 88253 | Zig:5    | Killed Uptogoko the pandemonium lord
 88262 | Zig:5    | Got a pitted tin ring
 88389 | Zig:6    | Entered Level 6 of a ziggurat
 88409 | Zig:6    | Reached skill level 27 in Axes
 88431 | Zig:6    | Identified Thaumaturgy 101
 88450 | Zig:6    | Identified the ring of the Insatiable Eyes {rN++ Dex+5} (You found it on level 5 of a ziggurat)
 88459 | Zig:6    | Got a jewelled chain mail
 88471 | Zig:6    | Identified the +5 chain mail of Toclewn {Dex+4} (You found it on level 6 of a ziggurat)
 88496 | Zig:7    | Entered Level 7 of a ziggurat
 88563 | Zig:7    | Lost mutation: You have sharp toenails. [potion of cure mutation]
 88563 | Zig:7    | Lost mutation: You are frail. (-10% HP) [potion of cure mutation]
 88563 | Zig:7    | Lost mutation: You are clumsy. (Dex -2) [potion of cure mutation]
 88563 | Zig:7    | Lost mutation: Your body often deteriorates upon taking damage. [potion of cure mutation]
 88563 | Zig:7    | Lost mutation: You frequently scream uncontrollably at your foes. [potion of cure mutation]
 88974 | Zig:8    | Entered Level 8 of a ziggurat
 89042 | Zig:8    | Identified a +5 rod of shadows (12/12) (You found it on level 8 of a ziggurat)
 89213 | Zig:9    | Entered Level 9 of a ziggurat
 89284 | Zig:10   | Entered Level 10 of a ziggurat
 89956 | Dis:1    | Reached skill level 10 in Dodging
 93182 | Dis:6    | Reached skill level 15 in Dodging
 93343 | Dis:7    | Entered Level 7 of the Iron City of Dis
 95049 | Depths:5 | Upgraded the game from 0.20-a0-19-gd4fea00 to 0.20-a0-618-gbb8d3ca
 95363 | Dis:3    | Lost mutation: You sometimes yell uncontrollably at your foes. [mutagenic glow]
 95431 | Dis:4    | Gained mutation: Scrolls take you a little longer to read. [mutagenic glow]
 96003 | Zot:5    | Killed an orb of fire
 96096 | Zot:5    | Gained mutation: Your spells are a little easier to cast, but a little less powerful. [an orb of fire]
 96100 | Zot:5    | Gained mutation: You are frail. (-10% HP) [an orb of fire]
 96101 | Zot:5    | Gained mutation: Your body often deteriorates upon taking damage. [an orb of fire]
 96117 | Zot:5    | Killed an orb of fire
 96187 | Zot:5    | Gained mutation: You are dopey. (Int -2) [an orb of fire]
 96188 | Zot:5    | Gained mutation: You tend to lose your temper in combat. [an orb of fire]
 96194 | Zot:5    | Gained mutation: You regenerate slowly when monsters are visible. [an orb of fire]
 96197 | Zot:5    | Gained mutation: You are clumsy. (Dex -2) [an orb of fire]
 96208 | Zot:5    | Gained mutation: Scrolls take you longer to read. [an orb of fire]
 96209 | Zot:5    | Killed an orb of fire
 96220 | Zot:5    | Killed an orb of fire
 96242 | Zot:5    | Gained mutation: You sometimes yell uncontrollably at your foes. [an orb of fire]
 96243 | Zot:5    | Gained mutation: You frequently scream uncontrollably at your foes. [an orb of fire]
 96261 | Zot:5    | Gained mutation: Your spells are easier to cast, but less powerful. [an orb of fire]
 96602 | Zot:5    | Gained mutation: Armour fits poorly on your strangely shaped body. [an orb of fire]
 96607 | Zot:4    | Gained mutation: You do not regenerate when monsters are visible. [an orb of fire]
 96616 | Zot:4    | Gained mutation: You are very clumsy. (Dex -4) [an orb of fire]
 96618 | Zot:4    | Killed an orb of fire
 96660 | Zot:5    | Gained mutation: You are very frail. (-20% HP) [an orb of fire]
 96675 | Zot:5    | Killed an orb of fire
 96879 | Zot:5    | Gained mutation: Your flesh is cold resistant. (rC+) [potion of beneficial mutation]
 96880 | Zot:5    | Gained mutation: You have sharp toenails. [potion of beneficial mutation]
 96882 | Zot:5    | Got the Orb of Zot
 96958 | Zot:5    | Noticed Fyang the pandemonium lord
 96975 | Zot:4    | Killed Fyang the pandemonium lord
 97038 | Zot:3    | Noticed Vumyoget the pandemonium lord
 97045 | Zot:2    | Killed Vumyoget the pandemonium lord
 97532 | D:3      | Noticed Byen the pandemonium lord
 97541 | D:3      | HP: 6/292 [Byen the pandemonium lord/living lightning (13)]
 97548 | D:3      | Killed Byen the pandemonium lord
 97554 | D:3      | Mangled by a reaper

Vault maps used:
D:1:      dpeg_arrival_pits, serial_bayou_pond_e
D:3:      corexii_shack_village, uniq_grinder
D:4:      tgw_sif, uniq_edmund, uniq_pikel
D:5:      first_bread, serial_shops, nicolae_shop_temple_entry_statues_fountains
D:7:      serial_glass, glass_columns_c, glass_columns_a, minmay_nine_imps
D:8:      erik_lair_orcish_takeover
D:10:     orc_0_dummy, david_nohive_1
D:11:     hangedman_decor_lopped, minivault_1, uniq_maurice, uniq_urug
D:12:     portal_ice_cave_entry_animals_and_master, david_defended_altar_elf
D:13:     hangedman_vaults_entry_quadrant_bands, minmay_fountain_box,
          minmay_holes, minmay_misc_feat_cross, tso_altar
D:14:     serial_shops, shop_statue, minmay_misc_feat_roman,
          minmay_guarded_unrand_resistance, uniq_louise
D:15:     gammafunk_depths_entry_grave, nemelex_xobeh_ov_fountains_minmay,
          nrook_mini_backslash
Temple:   nicolae_temple_the_god_donut
Lair:1:   enter_volcano_2, grunt_megastairs_2, infiniplex_staircase_pool
Lair:2:   swamp_mist_pool, nicolae_quartered_pool_little, serial_bayou_lagoon_b
Lair:4:   regret_index_bee_streams, spider_nest_entry_web_field, basic_altar,
          nicolae_quartered_pool_super, uniq_snorg, uniq_nessos
Lair:5:   grunt_megastairs_1
Lair:6:   evil_forest, slime_altar_1, basic_altar, dpeg_oklob_1,
          serial_bayou_shore_a, lemuel_fruit_tree
Swamp:1:  evilmike_swamp_ruin_house_3, infiniplex_staircase_pool_2
Swamp:2:  nicolae_swamp_very_dense_foliage, swamp_pool5
Swamp:3:  hangedman_swamp_lotus, swamp_pool4, grunt_hermit_hut
Swamp:4:  swamp_vile
Spider:1: nicolae_spider_mines_1
Spider:2: nicolae_arachne_temple
Spider:4: johnstein_spider_rune_arachne_lair
Slime:1:  cheibrodos_slime_lost_civilization_5
Orc:1:    enter_bailey_3
Orc:2:    st_orc_rangers, minmay_orc_keep, uniq_erolcha
Elf:1:    infiniplex_enter_wizlab_water, serial_shops,
          nicolae_shop_behind_doors, evilmike_minifort
Elf:2:    uniq_asterion
Elf:3:    grunt_elf_hall_diamonds, serial_shops, nicolae_shop_crystal,
          guppyfry_elf_castle, uniq_aizul
Vaults:1: nicolae_vaults_network_quinsquares, hangedman_vaults_trim,
          ontoclasm_vaults_chip, ontoclasm_vaults_claustrophobia, v_misc_12,
          nicolae_vaults_border_crossing, nicolae_vaults_triangles,
          vaults_room_pools, vaults_room_stairs_pillars,
          nicolae_vaults_branching_niches, serial_shops, shop
Vaults:2: ontoclasm_vaults_shuriken, minmay_crypt_entry_nasty_monster,
          vaults_dpeg_hooks, nicolae_vaults_twisting_passages,
          nicolae_vaults_little_squares_6, v_misc_28, hangedman_vaults_unwind,
          vaults_room_door_hall, vaults_standard_mumra_enter_the_diamond,
          nicolae_vaults_ring_of_whatevers
Vaults:3: ontoclasm_vaults_ring_small, nicolae_vaults_theta,
          hangedman_vaults_trim, vaults_room_pool, vaults_dpeg_cross,
          vaults_room_octagon, hangedman_vaults_pinch, vaults_mumra_hexcomb,
          nicolae_vaults_windows_and_doors_thing, nicolae_vaults_network_star,
          nicolae_vaults_little_squares_2, nicolae_vaults_little_squares_3,
          vaults_dpeg_ring, v_misc_8, ontoclasm_vaults_chip,
          ontoclasm_vaults_ligature, serial_shops, shop, nicolae_shop_crystal,
          nicolae_shop_trees, nicolae_shop_crystal, shop
Vaults:4: nicolae_vaults_fighting_squares, v_misc_9, v_misc_11, v_misc_1,
          hangedman_vaults_variations, hangedman_vaults_capsules, v_misc_33,
          vaults_room_pool
Crypt:1:  st_stairs_13
Crypt:2:  lemuel_minitomb, uniq_mennas
Crypt:3:  evilmike_haunted_forest, uniq_mara, uniq_xtahua
Tomb:1:   uniq_sojobo
Depths:1: roderic_bali_sauvastika, hell_entry, minmay_crystal_room,
          minmay_curled_crystal, minmay_swirly_circle
Depths:2: hangedman_hanging_gardens, grunt_pan_entry_sceptre,
          hangedman_abyss_entry_splay, hangedman_geh_valley,
          kennysheep_generic_room_8, infiniplex_staircase_zigzag_1
Depths:3: gammafunk_depths_water_palace, hell_entry, grunt_pan_entry_in_and_out,
          abyss_entry, ashenzari_altar_1, minmay_staircase_bubble, uniq_jorgrun,
          uniq_margery, uniq_nikola
Depths:4: kennysheep_six_static_rooms, columned_hall_lemuel,
          minmay_room_of_horrors, hell_entry, serial_bayou_shore_b,
          infiniplex_staircase_pillars_1
Depths:5: grunt_zot_entry_gee_three, enter_ziggurat_a, lightli_too_deep,
          dk_noncrumbling_2, serial_bayou_shore_b
Dis:5:    grunt_dis_stairs_iron_hall
Dis:6:    nrook_loot_triangle
Dis:7:    iron_city_of_dis
Geh:1:    lemuel_flamethrower_3
Geh:6:    hangedman_hellfire_club
Geh:7:    geh_mu
Coc:5:    lemuel_elevator
Coc:7:    coc_old
Zot:1:    nrook_zot_tub
Bailey:   bailey_axe_2, bailey
IceCv:    ice_cave_caverns_03
Volcano:  volcano_lake
WizLab:   wizlab_golubria

Skill      XL: |  1  2  3  4  5  6  7  8  9 10 11 12 13 14 15 16 17 18 19 20 21 22 23 24 25 26 27 |
---------------+----------------------------------------------------------------------------------+-----
Armour         | 3 5 7 9 10 11 12 15 21 | 21.0
Axes           | 2 4 5 7 8 10 11 12 14 15 16 17 18 19 20 21 22 23 24 27 | 27.0
Shields        | 3 4 5 6 8 10 12 15 17 18 21 | 21.2
Invocations    | 3 5 7 8 9 10 11 12 13 15 16 17 18 19 20 21 22 23 24 27 | 27.0
Fighting       | 5 6 11 12 13 15 16 18 19 20 22 25 | 25.6
Unarmed Combat | 1 2 7 |  7.0
Dodging        | 4 5 19 | 19.6
Maces & Flails | 1 |  1.0
Charms         | 1 |  1.1
Stealth        | |  0.2

Action                   |  1- 3 |  4- 6 |  7- 9 | 10-12 | 13-15 | 16-18 | 19-21 | 22-24 | 25-27 || total
-------------------------+-------+-------+-------+-------+-------+-------+-------+-------+-------++-------
Melee: War axe           |    60 |   209 |   425 |  1115 |   767 |       |       |       |       ||  2576
       Bite              |       |       |    13 |   125 |   232 |    60 |       |       |       ||   430
       Headbutt          |       |       |       |   222 |   356 |   114 |       |       |       ||   692
       Club              |       |       |       |       |    17 |       |       |       |       ||    17
       Broad axe         |       |       |       |       |   574 |  1512 |  1548 |  1524 |  6599 || 11757
       Flail             |       |       |       |       |    64 |    16 |       |       |       ||    80
       Morningstar       |       |       |       |       |       |       |    21 |       |       ||    21
Throw: Throwing net      |       |       |     1 |       |       |       |       |       |       ||     1
Invok: Stomp             |       |       |     4 |     3 |     1 |     1 |     1 |       |     1 ||    11
       Line Pass         |       |       |     3 |       |       |     1 |       |       |       ||     4
       Grand Finale      |       |       |       |     2 |     2 |     1 |       |       |     1 ||     6
Evoke: Wand              |       |       |       |     7 |       |     1 |     1 |       |     5 ||    14
       Horn of Geryon    |       |       |       |       |       |       |       |       |     1 ||     1
       Rod               |       |       |       |       |       |       |       |       |     3 ||     3
       Phantom mirror    |       |       |       |       |       |       |       |       |     1 ||     1
  Use: Potion            |     1 |     1 |     9 |    19 |     5 |    10 |    10 |     4 |    46 ||   105
       Scroll            |       |       |     5 |    17 |    15 |    17 |     9 |     1 |    37 ||   101
 Stab: Paralysed         |       |       |    11 |   102 |   138 |   167 |   180 |   290 |   905 ||  1793
       Held in net/web   |       |       |     2 |       |       |       |       |       |       ||     2
       Confused          |       |       |     1 |       |       |       |       |       |       ||     1
       Sleeping          |       |       |       |     2 |       |       |       |       |       ||     2
       Invisible         |       |       |       |     2 |       |       |       |     4 |       ||     6
       Distracted        |       |       |       |       |       |       |     1 |     2 |     2 ||     5
  Eat: Chunk             |       |     5 |    11 |    17 |    33 |    19 |     6 |    21 |    16 ||   128
       Buggy             |       |     1 |     2 |     1 |     2 |     3 |     2 |     1 |     3 ||    15
       Buggy             |       |       |     1 |     1 |       |     1 |     2 |       |     1 ||     6
       Fruit             |       |       |       |     6 |    10 |       |     1 |       |     6 ||    23
       Bread ration      |       |       |       |     2 |       |       |       |     1 |    10 ||    13
       Meat ration       |       |       |       |       |       |     3 |     5 |     1 |    13 ||    22
       Royal jelly       |       |       |       |       |       |       |       |       |     7 ||     7
Armor: Scale mail        |    33 |    85 |   123 |     3 |       |       |       |       |       ||   244
       Troll leather arm |       |       |    35 |    43 |       |       |       |       |       ||    78
       Plate armour      |       |       |       |   346 |   651 |   330 |       |       |       ||  1327
       Crystal plate arm |       |       |       |       |       |   563 |   540 |   339 |  1523 ||  2965
       Chain mail        |       |       |       |       |       |       |    15 |       |   304 ||   319
Dodge: Dodged            |     9 |    52 |   206 |   406 |   440 |   431 |   454 |   318 |  1841 ||  4157
Block: Shield            |    25 |    82 |   202 |   727 |   758 |  1292 |  1036 |   980 |  4593 ||  9695
       Reflection        |       |       |       |    43 |    51 |    11 |    56 |    90 |    78 ||   329
       Buckler           |       |       |       |       |   178 |       |       |       |       ||   178
